cohdb
Replays
Latest Replays
All Replays
Popular Replays
Top Player Replays
Match Explorer
How It Works
Community
CoH3 Stats
Reddit
Sign in to upload your games and track your stats! →
Sign in with Steam
Match 40581689
Unlisted
Match 40581689
Overview
Messages
Build Orders
End
Vickers Machine Gun Team
Construct Section Command Post
Dingo Light Scout Car
Selects Canadian Shock Battlegroup
Infantry Section
Infantry Section
Grenade Package
Construct Platoon Command Post
6-pounder Anti-tank Gun Team
CMP 15cwt Truck
Selects Incendiary Munitions
Selects Attacking Spirit
Selects Canadian Shock Section
CMP 15cwt Truck
Royal Engineer Section
Vickers Machine Gun Team
Canadian Shock Section
Unlock Bishop Self-propelled Artillery
Bishop Self-propelled Artillery
Light Vehicle Training
Selects Pyrotechnics
Bishop Self-propelled Artillery
Infantry Section
Selects Churchill Crocodile Heavy Tank
Bishop Self-propelled Artillery
Royal Engineer Section
Royal Engineer Section
6-pounder Anti-tank Gun Team
Regroup my forces
hannibal
佐世保の時空
TheLolkPlays
艾西西233
dizmo661
Escobar
0
0
Comments
sign in to comment!
No comments posted yet!